 Dungeon Crawl Stone Soup version 0.30-a0-715-gdb4ae3ece1 (webtiles) character file.

Game seed: 84212798533824057

1309 Darius099 the Covered (level 8, 0/51 HPs)
             Began as a Gargoyle Fighter on Jan 23, 2023.
             Slain by a gnoll
             ... wielding a +0 spear
             ... led by a gnoll sergeant
              (7 damage)
             ... on level 6 of the Dungeon.
             The game lasted 00:11:13 (4641 turns).

Darius099 the Covered (Gargoyle Fighter)            Turns: 4641, Time: 00:11:14

Health: 0/51       AC: 13    Str: 20    XL:     8   Next: 58%
Magic:  8/8        EV:  9    Int:  9    God:
Gold:   327        SH:  9    Dex: 11    Spells: 7/7 levels left

rFire   . . .      SeeInvis .    a - +0 flail
rCold   + . .      Faith    +    A - +0 kite shield
rNeg    + + .      Spirit   .    b - +0 scale mail
rPois   ∞          Reflect  .    (no helmet)
rElec   +          Harm     .    (no cloak)
rCorr   .          Rampage  .    (no gloves)
Will    .....                    (no boots) Stlth
                                 v - amulet of faith
HPRegen 0.28/turn                g - ring of positive energy
MPRegen 0.11/turn                y - ring of protection from cold

@: studying Armour
A: sickness immunity, AC +5, negative energy resistance 1, electricity
resistance, torment resistance 1, petrification resistance
a: no special abilities


You were on level 6 of the Dungeon.
You visited 1 branch of the dungeon, and saw 6 of its levels.

You collected 327 gold pieces.

Inventory:

Hand Weapons
 a - a +0 flail (weapon)
Missiles
 n - a throwing net (quivered)
Armour
 b - a +0 scale mail (worn)
 A - a +0 kite shield (worn)
Jewellery
 c - a ring of magical power
 g - a ring of positive energy (left hand)
 v - an amulet of faith (around neck)
 y - a ring of protection from cold (right hand)
Wands
 D - a wand of light (10)
Scrolls
 h - a scroll of blinking {unknown}
 j - 2 scrolls of teleportation {unknown}
 m - 4 scrolls of fear {unknown}
 o - a scroll of brand weapon {unknown}
 p - 2 scrolls of acquirement {unknown}
 q - a scroll of summoning {unknown}
 r - a scroll of poison {unknown}
 s - 3 scrolls of enchant weapon {unknown}
 t - 3 scrolls of noise {unknown}
 z - a scroll of enchant armour {unknown}
 B - a scroll of magic mapping {unknown}
 C - a scroll of fog {unknown}
Potions
 d - 3 potions of might
 e - 3 potions of attraction
 f - 2 potions of invisibility {unknown}
 i - a potion of flight
 k - 2 potions of brilliance
 l - 2 potions of heal wounds {unknown}
 u - 2 potions of curing
 w - a potion of lignification {unknown}
 x - 2 potions of berserk rage


   Skills:
 + Level 6.2 Fighting
 + Level 5.1 Maces & Flails
 + Level 7.5 Armour
 + Level 2.4 Dodging
 + Level 6.1 Shields


You had 7 spell levels left.
You didn't know any spells.
Your spell library contained the following spells:

 Spells                   Type           Power      Damage    Failure   Level
 Ensorcelled Hibernation  Hex/Ice        0%         N/A       99%         2
 Passwall                 Tmut/Erth      0%         N/A       99%         2
 Ozocubu's Armour         Ice            0%         N/A       100%        3
 Swiftness                Air            0%         N/A       100%        3
 Dispel Undead            Necr           0%         3d6       100%        4
 Death Channel            Necr           0%         N/A       100%        6
 Ozocubu's Refrigeration  Ice            0%         4d7       100%        7
 Cigotuvi's Dreadful Rot  Necr/Pois/Air  Unusable   N/A       N/A         2

Dungeon Overview and Level Annotations

Branches:
Dungeon (6/15)
 Temple: D:4-7

Altars:

Shops:
D:3 *


Innate Abilities, Weirdness & Mutations

You are immune to sickness and miasma.
Your stone body is resilient. (AC +5)
You are immune to poison.
You resist negative energy. (rN+)
You are resistant to electric shocks. (rElec)
You are resistant to unholy torment.
You are immune to petrification.


Message History

You block the gnoll's attack. The gnoll sergeant barely misses you.
The gnoll closely misses you.
The gnoll sergeant hits you but does no damage.
You hit the gnoll sergeant but do no damage.
The gnoll sergeant is severely wounded.
You block the gnoll's attack.
The gnoll sergeant hits you but does no damage.
You hit the gnoll sergeant.
The gnoll sergeant is almost dead.
You block the gnoll's attack. You block the gnoll sergeant's attack.
You hit the gnoll sergeant.
The gnoll sergeant is almost dead.
You block the gnoll's attack.
The gnoll sergeant hits you with a +1 spear of venom.
* * * LOW HITPOINT WARNING * * *
The gnoll closely misses you.
The gnoll sergeant hits you with a +1 spear of venom.
* * * LOW HITPOINT WARNING * * *
You hit the gnoll sergeant.
You kill the gnoll sergeant!
The gnoll hits you from afar with a +0 spear.
* * * LOW HITPOINT WARNING * * *
You closely miss the orc. The gnoll completely misses you.
The orc hits you but does no damage.
You barely miss the orc. You block the gnoll's attack.
The orc hits you but does no damage. The orc hits you with a +0 dagger.
* * * LOW HITPOINT WARNING * * *
The gnoll closely misses you.
You hit the orc but do no damage.
The gnoll hits you from afar with a +0 spear.
* * * LOW HITPOINT WARNING * * *
The orc hits you with a +0 dagger.
* * * LOW HITPOINT WARNING * * *
You feel better. The orc hits you with a +0 dagger.
* * * LOW HITPOINT WARNING * * *
You sock the orc!
You kill the orc!
You block the gnoll's attack. The gnoll hits you with a +0 spear!
You die...

#.# ####..........# #.#
#...........### #.#
#............### #.#
#............... #.#
#######......... #.#
#g........ #.#
#.........
#.############.........
#...........@g......###
##############......#
#...#### #...# #...#
#...# #####


You could see a gnoll.

Vanquished Creatures
  An ice beast (D:6)
  2 sky beasts (D:6)
  An ogre (D:6)
  2 phantoms (D:5)
  4 scorpions
  A gnoll sergeant (D:6)
  A howler monkey (D:5)
  4 hounds
  An orc priest (D:4)
  2 iguanas (D:6)
  2 orc wizards
  2 gnolls (D:6)
  11 adders
  3 ufetubi
  2 worms (D:4)
  2 dart slugs
  19 orcs
  2 bats
  8 endoplasms
  2 giant cockroaches (D:1)
  7 hobgoblins
  12 kobolds
  5 quokkas
  6 ball pythons
  4 frilled lizards
  5 goblins
  7 rats
118 creatures vanquished.

Vanquished Creatures (others)
  A fungus (D:3)
1 creature vanquished.

Grand Total: 119 creatures vanquished

Notes
Turn   | Place    | Note
-------+----------+-------------------------------------------
     0 | D:1      | Darius099 the Gargoyle Fighter began the quest for the Orb.
     0 | D:1      | Reached XP level 1. HP: 14/14 MP: 1/1
   209 | D:1      | Reached XP level 2. HP: 18/19 MP: 2/2
   553 | D:1      | Reached XP level 3. HP: 23/23 MP: 3/3
   944 | D:2      | Reached XP level 4. HP: 29/29 MP: 4/4
  1038 | D:2      | Reached skill level 4 in Armour
  1755 | D:3      | Found Seuwn's General Store.
  1797 | D:3      | Found a faded altar of an unknown god.
  1870 | D:4      | Noticed a scorpion
  1879 | D:4      | Killed a scorpion
  1880 | D:4      | Reached XP level 5. HP: 23/33 MP: 5/5
  2155 | D:4      | Reached XP level 6. HP: 31/39 MP: 6/6
  2647 | D:4      | Reached skill level 5 in Armour
  3003 | D:5      | Entered Level 5 of the Dungeon
  3154 | D:5      | Reached skill level 5 in Fighting
  3302 | D:5      | Reached skill level 5 in Shields
  3302 | D:5      | Reached XP level 7. HP: 44/44 MP: 7/7
  3445 | D:5      | Reached skill level 6 in Armour
  3445 | D:5      | Reached skill level 1 in Dodging
  4301 | D:6      | Reached XP level 8. HP: 44/51 MP: 8/8
  4377 | D:6      | Reached skill level 7 in Armour
  4593 | D:6      | Reached skill level 5 in Maces & Flails
  4637 | D:6      | HP: 2/51 [orc/+0 dagger (2)]
  4641 | D:6      | Slain by a gnoll

Illustrated notes

Levels and vault maps discovered:
D:1:      eino_arrival_water_star, layout_loops_ring, minmay_pentomino_p4
D:2:      layout_basic, kennysheep_generic_room_15
D:3:      layout_basic, shapermc_ecumenical_altar_ellora, serial_shops, shop,
          minmay_misc_feat_room
D:4:      layout_basic, minmay_manual_monolith
D:5:      layout_basic
D:6:      layout_basic, serial_shops, nicolae_shop_crystal

Skill      XL: |  1  2  3  4  5  6  7  8 |
---------------+-------------------------+-----
Armour         | 4 5 6 7 |  7.5
Fighting       | 4 5 6 |  6.2
Shields        | 4 5 6 |  6.1
Maces & Flails | 3 4 5 |  5.1
Dodging        | 1 2 |  2.4

Action                     |  1- 3 |  4- 6 |  7- 9 || total
---------------------------+-------+-------+-------++-------
  Melee: Flail             |   109 |   266 |   175 ||   550
    Use: Scroll            |       |     4 |     1 ||     5
         Potion            |       |       |     2 ||     2
 Armour: Scale mail        |    54 |   175 |    85 ||   314
  Dodge: Dodged            |    56 |   128 |    70 ||   254
  Block: Buckler           |    18 |    47 |       ||    65
         Kite shield       |       |    26 |   108 ||   134

Table legend: (Time is in decaauts)
 A = Elapsed time spent in this place.
 B = Non-inter-level travel time spent in this place.
 C = Inter-level travel time spent in this place.
 D = Time resting spent in this place.
 E = Time spent auto-exploring this place.
 F = Levels seen in this place.
 G = Mean time per level.
                   A        B        C        D        E       F      G
               +--------+--------+--------+--------+--------+-----+--------+
         Total |   4813 |   4696 |    117 |    365 |   2435 |   6 |  802.2 |
       Dungeon |   4813 |   4696 |    117 |    365 |   2435 |   6 |  802.2 |
               +--------+--------+--------+--------+--------+-----+--------+

Top non-repeatable levels by time:
     D:5: 1254 daAuts
     D:4: 1169 daAuts
     D:1: 752 daAuts
     D:2: 623 daAuts
     D:3: 549 daAuts
     D:6: 464 daAuts
